ESL (28 & UNDER)
PENQUANNOCK OVERRATED JETER @ RIO GRANDE RATTLESNAKE
06/10/2030
 
TOP OF THE 1ST
Penquannock Overrated Jeter batting - Pitching for Rio Grande Rattlesnake : RHP Chris Carpenter
Pitching: RHP Chris Carpenter
Batting: LHB Francisco Medina 0-0: Ground out U3 (Groundball, 34)
Batting: RHB Phil Wright 0-0: Ball
1-0: Foul Ball, location: 2F
1-1: Ball
2-1: Foul Ball, location: 2F
2-2: SOLO HOME RUN (Flyball, 7LD), Distance : 323 ft
Batting: RHB Gary Wyatt 0-0: SINGLE (Groundball, 34D)
Batting: LHB Eric Powell 0-0: Fly out, F8 (Flyball, 8LD)
Batting: SHB Cristián López 0-0: Called Strike
0-1: Foul Ball, location: 2F
0-2: Ball
1-2: Ball
2-2: DOUBLE (Line Drive, 7LD)
Gary Wyatt to third
Gary Wyatt scores
Batting: RHB Manny Perea 0-0: Ball
1-0: Called Strike
1-1: Swinging Strike
1-2: SINGLE (Groundball, 56D)
Cristián López to third
Runner from 3rd tries for Home, SAFE, throw made home
Batting: LHB José Morales 0-0: Ball
1-0: Ball
2-0: Called Strike
2-1: Called Strike
2-2: SINGLE (Line Drive, 6MD)
Manny Perea to second
Batting: LHB Matt Reese 0-0: Ball
1-0: Ball
2-0: Ball
3-0: Base on Balls
Manny Perea to third
José Morales to second
Batting: RHB Guillermo Gracía 0-0: Called Strike
0-1: Ball
1-1: Fielders Choice at 2nd, 6-4 (Groundball, 6)
Top of the 1st over - 3 runs, 5 hits, 0 errors, 3 left on base; Penquannock 3 - Rio Grande 0
BOTTOM OF THE 1ST
Rio Grande Rattlesnake batting - Pitching for Penquannock Overrated Jeter : RHP César Villanueva
Pitching: RHP César Villanueva
Batting: LHB Alberto Roberts 0-0: SINGLE (Line Drive, 9LS)
Batting: RHB Matt Dickson 0-0: Fly out, F7 (Flyball, 7D)
Batting: RHB Jeff Bane 0-0: Called Strike
0-1: Foul Ball, location: 2F
0-2: Ball
1-2: Fielders Choice at 2nd, 1-6 (Groundball, 13S)
Batting: LHB Claudio Rodríguez 0-0: Ball
1-0: Ball
2-0: Swinging Strike
2-1: Ball
3-1: Base on Balls
Jeff Bane to second
Batting: RHB Gary Thomas 0-0: Ball
1-0: Reached on error, E6 (Groundball, 6)
Jeff Bane to third
Claudio Rodríguez to second
Batting: SHB Arnold Moore 0-0: Ball
1-0: Called Strike
1-1: Ball
2-1: Foul Ball, location: 2F
2-2: Ball
3-2: Foul Ball, location: 2F
3-2: Base on Balls
Jeff Bane scores
Claudio Rodríguez to third
Gary Thomas to second
Batting: RHB David Suarze 0-0: Foul Ball, location: 2F
0-1: Ball
1-1: Ball
2-1: Ball
3-1: Called Strike
3-2: Base on Balls
Claudio Rodríguez scores
Gary Thomas to third
Arnold Moore to second
Batting: LHB Pedro Díaz 0-0: Ball
1-0: Ball
2-0: Called Strike
2-1: Called Strike
2-2: Foul Ball, location: 2F
2-2: Ball
3-2: DOUBLE (Line Drive, 9LD)
Gary Thomas scores
Arnold Moore scores
David Suarze to third
David Suarze scores
Batting: RHB Derek Hartman 0-0: Ball
Wild Pitch!
Pedro Díaz to third
1-0: Called Strike
1-1: Called Strike
1-2: Ball
2-2: Ball
3-2: Base on Balls
Batting: LHB Alberto Roberts 0-0: Called Strike
0-1: SINGLE (Line Drive, 8LS)
Pedro Díaz scores
Derek Hartman to second
Batting: RHB Matt Dickson 0-0: Ball
1-0: SINGLE (Groundball, 56D)
Derek Hartman to third
Alberto Roberts to second
Runner from 3rd tries for Home, SAFE, no throw
Batting: RHB Jeff Bane 0-0: Ball
1-0: Ball
2-0: Ball
Wild Pitch!
Alberto Roberts to third
Matt Dickson to second
3-0: Base on Balls
Batting: LHB Claudio Rodríguez 0-0: Called Strike
0-1: Ground out 4-3 (Groundball, 4)
Bottom of the 1st over - 7 runs, 4 hits, 1 error, 3 left on base; Penquannock 3 - Rio Grande 7
TOP OF THE 2ND
Penquannock Overrated Jeter batting - Pitching for Rio Grande Rattlesnake : RHP Chris Carpenter
Batting: LHB Francisco Medina 0-0: Called Strike
0-1: Ground out 6-3 (Groundball, 6)
Batting: RHB Phil Wright 0-0: Ball
1-0: Ball
2-0: Swinging Strike
2-1: Foul Ball, location: 2F
2-2: Ball
3-2: Strikes out swinging
Batting: RHB Gary Wyatt 0-0: Called Strike
0-1: Ball
1-1: Ball
2-1: Swinging Strike
2-2: Strikes out swinging
Top of the 2nd over - 0 runs, 0 hits, 0 errors, 0 left on base; Penquannock 3 - Rio Grande 7
BOTTOM OF THE 2ND
Rio Grande Rattlesnake batting - Pitching for Penquannock Overrated Jeter : RHP César Villanueva
Batting: RHB Gary Thomas 0-0: Ground out 1-3 (Groundball, P)
Batting: SHB Arnold Moore 0-0: Ball
1-0: Ground out 4-3 (Groundball, 4)
Batting: RHB David Suarze 0-0: SINGLE (Line Drive, 6)
Pitching: LHP Brian Gunther
Batting: LHB Pedro Díaz 0-0: Called Strike
0-1: Fly out, F8 (Line Drive, 8RM)
Bottom of the 2nd over - 0 runs, 1 hit, 0 errors, 1 left on base; Penquannock 3 - Rio Grande 7
TOP OF THE 3RD
Penquannock Overrated Jeter batting - Pitching for Rio Grande Rattlesnake : RHP Chris Carpenter
Batting: LHB Eric Powell 0-0: Ball
1-0: Foul Ball, location: 2F
1-1: Foul Ball, location: 2F
1-2: Ball
2-2: Foul Ball, location: 2F
2-2: Ball
3-2: Fly out, F9 (Flyball, 9LMF)
Batting: SHB Cristián López 0-0: Fly out, F9 (Flyball, 9)
Batting: RHB Manny Perea 0-0: Ball
1-0: SINGLE (Line Drive, 6D)
Batting: LHB José Morales 0-0: Called Strike
0-1: Ball
1-1: Ball
2-1: Foul Ball, location: 2F
2-2: Ball
3-2: Ground out 4-3 (Groundball, 4)
Top of the 3rd over - 0 runs, 1 hit, 0 errors, 1 left on base; Penquannock 3 - Rio Grande 7
BOTTOM OF THE 3RD
Rio Grande Rattlesnake batting - Pitching for Penquannock Overrated Jeter : LHP Brian Gunther
Batting: RHB Derek Hartman 0-0: Ball
1-0: SINGLE (Flyball, 78S)
Batting: LHB Alberto Roberts 0-0: Ball
1-0: Fielders Choice at 2nd, 6-4 (Groundball, 6M)
Batting: RHB Matt Dickson 0-0: Ball
1-0: Ball
2-0: Foul Ball, location: 2F
2-1: Ball
3-1: Called Strike
3-2: Strikes out swinging
Batting: RHB Jeff Bane 0-0: Ball
1-0: Ball
2-0: Called Strike
2-1: Ball
3-1: SINGLE (Line Drive, 78S)
Alberto Roberts to second
Batting: LHB Claudio Rodríguez 0-0: Called Strike
0-1: Ball
1-1: Ball
2-1: Called Strike
2-2: Fly out, F4 (Line Drive, 4)
Bottom of the 3rd over - 0 runs, 2 hits, 0 errors, 2 left on base; Penquannock 3 - Rio Grande 7
TOP OF THE 4TH
Penquannock Overrated Jeter batting - Pitching for Rio Grande Rattlesnake : RHP Chris Carpenter
Batting: LHB Matt Reese 0-0: Ball
1-0: Called Strike
1-1: Ball
2-1: Ball
3-1: Called Strike
3-2: Foul Ball, location: 2F
3-2: Base on Balls
Batting: RHB Guillermo Gracía 0-0: Foul Ball, location: 2F
0-1: Called Strike
0-2: Foul Ball, location: 2F
0-2: Grounds into double play, 5-4-3 (Groundball, 56)
Batting: LHB Francisco Medina 0-0: Called Strike
0-1: Ball
1-1: Ball
2-1: Swinging Strike
2-2: Strikes out swinging
Top of the 4th over - 0 runs, 0 hits, 0 errors, 0 left on base; Penquannock 3 - Rio Grande 7
BOTTOM OF THE 4TH
Rio Grande Rattlesnake batting - Pitching for Penquannock Overrated Jeter : LHP Brian Gunther
Batting: RHB Gary Thomas 0-0: SOLO HOME RUN (Flyball, 78XD), Distance : 374 ft
Batting: SHB Arnold Moore 0-0: Ball
1-0: Ball
2-0: Ball
3-0: Base on Balls
Batting: RHB David Suarze 0-0: Called Strike
0-1: Ball
1-1: Swinging Strike
1-2: SINGLE (Line Drive, 56D)
Arnold Moore to second
Batting: LHB Pedro Díaz 0-0: Ball
1-0: Ball
2-0: Called Strike
2-1: Swinging Strike
2-2: Ball
3-2: Foul Ball, location: 2F
3-2: Foul Ball, location: 2F
3-2: Fielders Choice at 2nd, 3-6 (Groundball, 34)
Arnold Moore to third
Batting: RHB Derek Hartman 0-0: Ball
1-0: Ball
2-0: Ball
3-0: Called Strike
3-1: Called Strike
3-2: Strikes out looking
Batting: LHB Alberto Roberts 0-0: Called Strike
0-1: Swinging Strike
0-2: Strikes out looking
Bottom of the 4th over - 1 run, 2 hits, 0 errors, 2 left on base; Penquannock 3 - Rio Grande 8
TOP OF THE 5TH
Penquannock Overrated Jeter batting - Pitching for Rio Grande Rattlesnake : RHP Chris Carpenter
Batting: RHB Phil Wright 0-0: Ball
1-0: Swinging Strike
1-1: Ball
2-1: Ball
3-1: Called Strike
3-2: Strikes out swinging, 2-3 out at first.
Batting: RHB Gary Wyatt 0-0: Ball
1-0: Ball
2-0: Foul Ball, location: 2F
2-1: Ball
3-1: Base on Balls
Batting: LHB Eric Powell 0-0: Ball
1-0: Ball
2-0: Called Strike
2-1: Ball
3-1: Base on Balls
Gary Wyatt to second
Batting: SHB Cristián López 0-0: Ball
1-0: Foul Ball, location: 2F
1-1: Ball
2-1: Called Strike
2-2: Fly out, F6 (Popup, 6S)
Batting: RHB Manny Perea 0-0: Called Strike
0-1: Swinging Strike
0-2: Ball
1-2: Strikes out swinging
Top of the 5th over - 0 runs, 0 hits, 0 errors, 2 left on base; Penquannock 3 - Rio Grande 8
BOTTOM OF THE 5TH
Rio Grande Rattlesnake batting - Pitching for Penquannock Overrated Jeter : LHP Brian Gunther
Batting: RHB Matt Dickson 0-0: Ball
1-0: Ball
2-0: Fly out, F3 (Popup, 34S)
Batting: RHB Jeff Bane 0-0: Ground out 5-3 (Groundball, 56S)
Batting: LHB Claudio Rodríguez 0-0: Ball
1-0: Fly out, F9 (Flyball, 9LMF)
Bottom of the 5th over - 0 runs, 0 hits, 0 errors, 0 left on base; Penquannock 3 - Rio Grande 8
TOP OF THE 6TH
Penquannock Overrated Jeter batting - Pitching for Rio Grande Rattlesnake : RHP Chris Carpenter
Pitching: RHP Sterling Caldwell
Batting: LHB José Morales 0-0: SINGLE (Groundball, 34D)
Batting: LHB Matt Reese 0-0: Ball
1-0: Ball
2-0: Foul Ball, location: 2F
2-1: Swinging Strike
2-2: Strikes out swinging
Batting: RHB Guillermo Gracía 0-0: Ball
1-0: Ball
2-0: Foul Ball, location: 2F
2-1: Ball
3-1: Called Strike
3-2: Base on Balls
José Morales to second
Batting: LHB Francisco Medina 0-0: Swinging Strike
0-1: Foul Ball, location: 2F
0-2: Foul Ball, location: 2F
0-2: Ball
1-2: Ball
2-2: Strikes out swinging
Batting: RHB Phil Wright 0-0: SINGLE (Groundball, 56D)
José Morales to third
Guillermo Gracía to second
Runner from 3rd tries for Home, SAFE, no throw
Batting: RHB Gary Wyatt 0-0: Fly out, F3 (Popup, 3SF)
Top of the 6th over - 1 run, 2 hits, 0 errors, 2 left on base; Penquannock 4 - Rio Grande 8
BOTTOM OF THE 6TH
Rio Grande Rattlesnake batting - Pitching for Penquannock Overrated Jeter : LHP Brian Gunther
Batting: RHB Gary Thomas 0-0: Called Strike
0-1: Ball
1-1: Fly out, F9 (Flyball, 9LSF)
Batting: SHB Arnold Moore 0-0: Called Strike
0-1: Ball
1-1: Called Strike
1-2: Foul Ball, location: 2F
1-2: Strikes out swinging
Batting: RHB David Suarze 0-0: Ground out 5-3 (Groundball, 56)
Bottom of the 6th over - 0 runs, 0 hits, 0 errors, 0 left on base; Penquannock 4 - Rio Grande 8
TOP OF THE 7TH
Penquannock Overrated Jeter batting - Pitching for Rio Grande Rattlesnake : RHP Sterling Caldwell
Batting: LHB Eric Powell 0-0: Ball
1-0: Ball
2-0: Foul Ball, location: 2F
2-1: Ball
3-1: Base on Balls
Batting: SHB Cristián López 0-0: Ball
1-0: Fly out, F7 (Flyball, 7)
Batting: RHB Manny Perea 0-0: Ball
1-0: Foul Ball, location: 2F
1-1: Ball
2-1: SINGLE (Groundball, 6D)
Eric Powell to second
Pitching: LHP António Rodríguez
Batting: LHB José Morales 0-0: Ball
1-0: Foul Ball, location: 2F
1-1: Ball
2-1: Foul Ball, location: 2F
2-2: Foul Ball, location: 2F
2-2: Ball
3-2: Base on Balls
Eric Powell to third
Manny Perea to second
Batting: LHB Matt Reese 0-0: Ball
1-0: Called Strike
1-1: Ball
2-1: Ball
3-1: Fly out, F9 (Flyball, 9S)
Pitching: RHP Billy O'Neal
Batting: RHB Guillermo Gracía 0-0: Called Strike
0-1: Ball
1-1: Ball
2-1: Ball
3-1: Foul Ball, location: 2F
3-2: Foul Ball, location: 2F
3-2: Base on Balls
Eric Powell scores
Manny Perea to third
José Morales to second
Batting: LHB Francisco Medina 0-0: SINGLE (Line Drive, 9LS)
Manny Perea scores
José Morales to third
Guillermo Gracía to second
Batting: RHB Phil Wright 0-0: Ball
1-0: Ball
2-0: Ball
3-0: Called Strike
3-1: Foul Ball, location: 2F
3-2: Strikes out looking
Top of the 7th over - 2 runs, 2 hits, 0 errors, 3 left on base; Penquannock 6 - Rio Grande 8
BOTTOM OF THE 7TH
Rio Grande Rattlesnake batting - Pitching for Penquannock Overrated Jeter : LHP Brian Gunther
Batting: LHB Pedro Díaz 0-0: Ball
1-0: Foul Ball, location: 2F
1-1: Foul Ball, location: 2F
1-2: Foul Ball, location: 2F
1-2: Ball
2-2: Fly out, F9 (Flyball, 9LMF)
Batting: RHB Derek Hartman 0-0: Ball
1-0: Called Strike
1-1: Foul Ball, location: 2F
1-2: Ball
2-2: Strikes out swinging
Batting: LHB Alberto Roberts 0-0: Called Strike
0-1: Ground out 5-3 (Groundball, 56)
Bottom of the 7th over - 0 runs, 0 hits, 0 errors, 0 left on base; Penquannock 6 - Rio Grande 8
TOP OF THE 8TH
Penquannock Overrated Jeter batting - Pitching for Rio Grande Rattlesnake : RHP Billy O'Neal
Batting: RHB Gary Wyatt 0-0: Called Strike
0-1: Foul Ball, location: 2F
0-2: Ball
1-2: Strikes out swinging
Batting: LHB Eric Powell 0-0: Ball
1-0: Called Strike
1-1: Foul Ball, location: 2F
1-2: Foul Ball, location: 2F
1-2: Foul Ball, location: 2F
1-2: Fly out, F8 (Flyball, 89XD)
Batting: SHB Cristián López 0-0: Called Strike
0-1: Foul Ball, location: 2F
0-2: Foul Ball, location: 2F
0-2: Ball
1-2: Fly out, F8 (Flyball, 8RD)
Top of the 8th over - 0 runs, 0 hits, 0 errors, 0 left on base; Penquannock 6 - Rio Grande 8
BOTTOM OF THE 8TH
Rio Grande Rattlesnake batting - Pitching for Penquannock Overrated Jeter : LHP Brian Gunther
Batting: RHB Matt Dickson 0-0: Ball
1-0: Ball
2-0: Called Strike
2-1: Ground out 5-3 (Groundball, 5)
Pitching: RHP Dave Funk
Batting: RHB Jeff Bane 0-0: Called Strike
0-1: Fly out, F6 (Line Drive, 6)
Batting: LHB Claudio Rodríguez 0-0: Called Strike
0-1: Fly out, F6 (Flyball, 56D)
Bottom of the 8th over - 0 runs, 0 hits, 0 errors, 0 left on base; Penquannock 6 - Rio Grande 8
TOP OF THE 9TH
Penquannock Overrated Jeter batting - Pitching for Rio Grande Rattlesnake : RHP Billy O'Neal
Pitching: LHP Manuel Encarnación
Batting: RHB Manny Perea 0-0: Foul Ball, location: 2F
0-1: Called Strike
0-2: Foul Ball, location: 2F
0-2: Strikes out swinging
Batting: LHB José Morales 0-0: Ball
1-0: Ground out 4-3 (Groundball, 4)
Batting: LHB Matt Reese 0-0: Ball
1-0: Ball
2-0: Called Strike
2-1: SOLO HOME RUN (Flyball, 9LD), Distance : 346 ft
Batting: RHB Guillermo Gracía 0-0: DOUBLE (Groundball, 5L)
Batting: LHB Francisco Medina 0-0: Ball
1-0: Ball
2-0: Foul Ball, location: 2F
2-1: Ball
3-1: Foul Ball, location: 2F
3-2: Ground out 3-1 (Groundball, 34S)
Top of the 9th over - 1 run, 2 hits, 0 errors, 1 left on base; Penquannock 7 - Rio Grande 8
Saturday, April 7th, 2018 - OOTP Baseball 18.8 Build 76